 Dungeon Crawl Stone Soup version 0.28-a0-258-g8de209e91f (webtiles) character file.

Game seed: 14179478301340723150

51913 porpoise the Fighter (level 14, -2/156 HPs)
             Began as an Ogre Arcane Marksman on Aug 26, 2021.
             Was a High Priest of Nemelex Xobeh.
             Slain by a five-headed hydra (14 damage)
             ... on level 6 of the Lair of Beasts on Aug 27, 2021.
             The game lasted 02:49:35 (27056 turns).

porpoise the Fighter (Ogre Arcane Marksman)        Turns: 27056, Time: 02:49:36

Health: -2/156     AC:  5    Str: 15    XL:     14   Next: 61%
Magic:  21/21      EV: 11    Int: 17    God:    Nemelex Xobeh [*****.]
Gold:   711        SH:  9    Dex:  9    Spells: 16/23 levels left

rFire   . . .      SeeInvis +   a - +4 flail (holy)
rCold   + . .      Faith    .   l - +0 kite shield
rNeg    + . .      Spirit   .   v - +1 robe of Repulsion {rPois rN+ Str-3 SInv}
rPois   +          Reflect  .   (helmet restricted)
rElec   .          Harm     .   P - +0 cloak
rCorr   .          Rampage  .   (gloves unavailable)
Will    +....                   (boots unavailable)
Stlth   +.........              Q - amulet of regeneration
HPRegen 1.36/turn               j - ring of protection from cold
MPRegen 0.17/turn               J - ring of flight

@: flying
A: large, unfitting armour, tough skin 1
a: Renounce Religion, Draw Escape, Draw Destruction, Draw Summoning, Triple
Draw, Deal Four, Stack Five


You were on level 6 of the Lair of Beasts.
You worshipped Nemelex Xobeh.
Nemelex Xobeh was extremely pleased with you.
You visited 2 branches of the dungeon, and saw 18 of its levels.
You also visited: Sewer and Ossuary.

You collected 1149 gold pieces.
You spent 438 gold pieces at shops.

Inventory:

Hand Weapons
 a - a +4 flail of holy wrath (weapon)
 b - a +1 hunting sling
 o - the +6 whip of Idgher {vorpal, Str+4}
   (You bought it in a shop on level 3 of the Dungeon)

   It inflicts extra damage upon your enemies.
   Str:       It affects your strength (+4).
 w - a +0 morningstar
 x - the +4 dagger of Xecrouse {venom, rF+ rC+ Dex+2 SInv}
   (You found it on level 3 of the Lair of Beasts)

   It poisons the flesh of those it strikes.
   Dex:       It affects your dexterity (+2).
   rF:        It protects you from fire.
   rC:        It protects you from cold.
   SInv:      It lets you see invisible.
Missiles
 c - 5 large rocks (quivered)
 e - 2 throwing nets
 h - 103 sling bullets
 m - 7 javelins
 E - 22 poisoned darts
 F - 3 boomerangs
Armour
 l - a +0 kite shield (worn)
 v - the +1 robe of Repulsion (worn) {rPois rN+ Str-3 SInv}
   (You found it on level 4 of the Dungeon)

   Str:       It affects your strength (-3).
   rPois:     It protects you from poison.
   rN:        It protects you from negative energy.
   SInv:      It lets you see invisible.
 y - a +0 tower shield
 I - +0 steam dragon scales
 P - a +0 cloak (worn)
Jewellery
 j - a ring of protection from cold (left hand)
 r - a ring of magical power
 J - a ring of flight (right hand)
 Q - an amulet of regeneration (around neck)
Wands
 k - a wand of charming (29)
 p - a wand of acid (8)
 q - a wand of mindburst (10)
 t - a wand of paralysis (6)
 H - a wand of iceblast (28)
 N - a wand of digging (4)
 O - a wand of polymorph (23)
 S - a wand of flame (47)
Scrolls
 f - 3 scrolls of noise
 i - a scroll of enchant armour
 n - 2 scrolls of magic mapping
 z - 4 scrolls of teleportation
 C - a scroll of acquirement {unknown}
 D - 3 scrolls of vulnerability
 U - 2 scrolls of identify
 V - 4 scrolls of fog
Potions
 d - 9 potions of curing
 g - a potion of might
 s - 2 potions of ambrosia
 u - 2 potions of lignification
 A - 3 potions of haste
 B - 3 potions of heal wounds
 G - a potion of brilliance
 K - 3 potions of invisibility
 R - 2 potions of resistance
Miscellaneous
 T - a phial of floods (inert)


   Skills:
 - Level 14.0 Fighting
 - Level 10.0 Maces & Flails
 - Level 10.0 Throwing
 - Level 6.2 Dodging
 - Level 9.0 Shields
 - Level 5.0 Spellcasting
 + Level 4.2 Hexes
 + Level 4.1 Translocations
 + Level 10.2 Invocations
 - Level 5.0 Evocations


You had 16 spell levels left.
You knew the following spells:

 Your Spells              Type           Power      Damage    Failure   Level
c - Corona                Hex            20%        N/A       2%          1
p - Portal Projectile     Hex/Tloc       36%        N/A       8%          3
z - Ozocubu's Armour      Ice            4%         N/A       38%         3

Your spell library contained the following spells:

 Spells                   Type           Power      Damage    Failure   Level
 Slow                     Hex            18%        N/A       3%          2
 Confusing Touch          Hex            18%        N/A       8%          3
 Tukima's Dance           Hex            18%        N/A       8%          3
 Ensorcelled Hibernation  Hex/Ice        22%        N/A       9%          2
 Magic Dart               Conj           16%        1d3       14%         1
 Sandblast                Erth           8%         2d5       14%         1
 Inner Flame              Hex/Fire       11%        N/A       19%         3
 Passwall                 Tmut/Erth      3%         N/A       22%         2
 Searing Ray              Conj           8%         3d3       22%         2
 Cause Fear               Hex            9%         N/A       26%         4
 Frozen Ramparts          Ice            8%         1d2       38%         3
 Fulminant Prism          Conj/Hex       5%         3d7       52%         4
 Animate Armour           Summ/Erth      8%         N/A       80%         4
 Ice Form                 Ice/Tmut       4%         N/A       80%         4
 Summon Ice Beast         Ice/Summ       4%         N/A       80%         4
 Yara's Violent Unravell  Hex/Tmut       5%         3d4       86%         5
 Blade Hands              Tmut           2%         N/A       98%         5
 Fireball                 Conj/Fire      2%         3d4       98%         5
 Lee's Rapid Deconstruct  Erth           2%         3d5*      98%         5
 Iron Shot                Conj/Erth      2%         9d2       100%        6
 Starburst                Conj/Fire      2%         6d3       100%        6
 Ozocubu's Refrigeration  Ice            2%         4d5       100%        7
 Ignition                 Fire           2%         3d3       100%        8


Dungeon Overview and Level Annotations

Branches:
Dungeon (12/15)            Temple (0/1) D:5            Lair (6/6) D:9
  Swamp (0/4) Lair:4        Snake (0/4) Lair:3          Orc (0/2) D:9
  Sewer (visited)         Ossuary (visited)
  Slime: Lair:5-6

Altars:
Fedhas
Nemelex Xobeh
Okawaru
Ru
Uskayaw
Wu Jian
Xom

Shops:
D:3 [(*(   D:6 !   D:7 *   D:11 *


Innate Abilities, Weirdness & Mutations

You are too large for most types of armour.
You have tough skin. (AC +1)


Message History

Aim: a five-headed hydra (moderately wounded, 83% to hit)
You throw a large rock.
The large rock hits the five-headed hydra!!
The five-headed hydra is severely wounded.
You block the five-headed hydra's attack.
The five-headed hydra barely misses you.
The five-headed hydra bites you but does no damage.
The five-headed hydra bites you. x2
The five-headed hydra closely misses you.
The five-headed hydra bites you!
* * * LOW HITPOINT WARNING * * *
The five-headed hydra bites you!
* * * LOW HITPOINT WARNING * * *
The five-headed hydra barely misses you.
The five-headed hydra bites you!
* * * LOW HITPOINT WARNING * * *
Okay, then.
That's the wrong kind of item! (Use * to select it.) Evoke which item? (* to show all) (? for menu, Esc to quit)
Okay, then.
Aiming: Paralyse
Press: ? - help, Shift-Dir - straight line, f/p - five-headed hydra
Aim: a five-headed hydra (severely wounded, chance to affect: 26%)
Okay, then.
Unknown command.
Casting: Corona (safe; 2% risk of failure)
Confirm with . or Enter, or press ? or * to list all spells.
Okay, then.
Okay, then.
You draw a card...
You have drawn the Illusion.
Suddenly you stand beside yourself.
The deck of cards disappears without a trace.
The five-headed hydra barely misses you.
The five-headed hydra bites you!
* * * LOW HITPOINT WARNING * * *
The five-headed hydra bites you.
* * * LOW HITPOINT WARNING * * *
The five-headed hydra bites you!
You die...
Your body glows with a rainbow of weird colours and disappears.

.................#.#(.(
...............#####P.#
...............### ..# .
≈......≈.........###.###...
≈#≈≈≈#≈≈≈##≈....###(÷......
≈ ##≈≈≈#≈....##(........
≈.≈≈.≈......@.S.......
≈≈P≈≈≈≈....#D#.#..#....
#.#≈≈##≈...#@##..#.###.
≈P#≈##≈..(÷###...##
≈≈≈≈≈.(((#.#.P.##
#≈≈≈≈.(.........
#≈(#............
≈≈#≈#.(............
≈≈≈P≈≈...........)
≈≈≈≈(≈≈(...##...#
≈≈#≈##.....# ..#


You could see a five-headed hydra (ally target) and the friendly porpoise's
illusion (summoned).

Vanquished Creatures
  Snorg (Lair:5)
  6 hydras
  Erolcha (D:12)
  2 boulder beetles
  A catoblepas (Lair:5)
  A two-headed ogre (D:11)
  3 death yaks (Lair:4)
  Urug (D:12)
  Nergalle (D:11)
  A harpy (Lair:6)
  4 manticores
  An ugly thing (D:11)
  3 cyclopes
  Maurice (D:8)
  A black mamba (Lair:6)
  An elephant (Lair:6)
  A torpor snail (Lair:6)
  9 cane toads
  3 rime drakes
  12 komodo dragons
  An unseen horror (D:11)
  6 polar bears
  3 trolls
  19 blink frogs
  A snapping turtle (Lair:6)
  3 slime creatures (D:12)
  A hornet (Lair:6)
  5 dream sheep
  A wyvern (Lair:6)
  A shadow (D:11)
  38 yaks
  3 spriggans (Lair:4)
  2 wraiths
  2 basilisks
  4 vampire mosquitoes (D:11)
  2 steam dragons
  2 nagas (Lair:3)
  Duvessa (D:4)
  A hell hound (Lair:5)
  11 water moccasins
  2 sky beasts
  A sky beast (shapeshifter) (D:12)
  2 black bears
  2 orc warriors (D:9)
  2 necrophages
  An ogre (D:6)
  11 wolves
  4 centaurs
  A phantom (D:5)
  2 elf zombies (Ossuary)
  8 bullfrogs
  2 kobold brigands
  A wyvern zombie (D:3)
  Dowan (D:4)
  A scorpion (D:5)
  2 water moccasin skeletons
  A killer bee (Lair:5)
  An electric eel (Lair:1)
  17 wights
  5 howler monkeys
  3 gnoll shamans
  5 centaur zombies
  2 hounds
  5 jellies
  5 orc priests
  2 bullfrog skeletons (D:5)
  A centaur skeleton (D:5)
  7 human zombies (Ossuary)
  5 iguanas
  11 orc wizards
  6 hell rats (Lair:5)
  A killer bee zombie (D:7)
  A hound zombie (D:5)
  3 mummies (Ossuary)
  A howler monkey zombie (D:9)
  15 gnolls
  7 adders
  A river rat (Sewer)
  2 shadow imps
  2 ufetubi (D:6)
  4 worms
  3 dart slugs
  44 orcs
  8 ball pythons
  9 bats
  5 endoplasms
  A giant cockroach (D:1)
  7 goblins
  8 hobgoblins
  8 jackals
  2 quokkas
  3 frilled lizards
  18 kobolds
  6 rats
439 creatures vanquished.

Vanquished Creatures (collateral kills)
  2 hydras
  3 death yaks (Lair:3)
  2 slime creatures (D:12)
  A torpor snail (Lair:5)
  2 cane toads
  2 komodo dragons
  A polar bear (Lair:3)
  A hornet (Lair:5)
  3 dream sheep (Lair:5)
  3 wyverns
  3 yaks
  3 basilisks
  An acid dragon (D:10)
  A water moccasin (Lair:3)
  A hell hound (Lair:5)
  An orc warrior (D:7)
  A centaur (D:9)
  A gnoll sergeant (D:9)
  A wight (D:8)
  A quasit (Lair:5)
  An iron imp (Lair:5)
  2 orc wizards (D:9)
  4 hell rats (Lair:5)
  An orc (D:7)
42 creatures vanquished.

Vanquished Creatures (others)
  A yak (Lair:5)
  25 fungi
  114 plants
140 creatures vanquished.

Grand Total: 621 creatures vanquished

Notes
Turn   | Place    | Note
-------+----------+-------------------------------------------
     0 | D:1      | porpoise the Ogre Arcane Marksman began the quest for the
                  | Orb.
     0 | D:1      | Reached XP level 1. HP: 19/19 MP: 2/2
    45 | D:1      | Reached skill level 2 in Fighting
   258 | D:1      | Reached XP level 2. HP: 25/28 MP: 3/3
  1153 | D:1      | Reached XP level 3. HP: 33/36 MP: 4/4
  1384 | D:2      | Reached skill level 3 in Fighting
  1591 | D:2      | Found a faded altar of an unknown god.
  2594 | D:3      | Reached XP level 4. HP: 45/45 MP: 5/5
  2689 | D:3      | Found Boiwk's Weapon Shoppe.
  2697 | D:3      | Bought 2 large rocks for 16 gold pieces
  2776 | D:3      | Noticed a bullfrog
  2787 | D:3      | Killed a bullfrog
  2788 | D:3      | Reached skill level 4 in Fighting
  2788 | D:3      | Reached XP level 5. HP: 10/55 MP: 6/6
  3485 | D:3      | HP: 1/55 [wyvern zombie (12)]
  3489 | D:3      | Reached skill level 5 in Fighting
  3489 | D:3      | Reached skill level 1 in Maces & Flails
  3835 | D:3      | Found Irophalu's Armour Emporium.
  3856 | D:3      | Reached XP level 6. HP: 54/66 MP: 7/7
  4119 | D:3      | Found Xiylic Ezxo's Assorted Antiques.
  4250 | D:3      | Found Jaolytej's Antique Weapon Shop.
  4745 | D:3      | Bought a faintly glowing whip for 135 gold pieces
  4745 | D:3      | Identified the +6 whip of Idgher {vorpal, Str+4} (You
                  | bought it in a shop on level 3 of the Dungeon)
  4921 | D:4      | Noticed Duvessa
  4928 | D:4      | Noticed Dowan
  4930 | D:4      | Killed Duvessa
  4931 | D:4      | Reached skill level 6 in Fighting
  4938 | D:4      | Killed Dowan
  5064 | D:4      | Noticed a black bear
  5078 | D:4      | Killed a black bear
  5079 | D:4      | Reached XP level 7. HP: 17/76 MP: 8/8
  5408 | D:4      | Reached skill level 7 in Fighting
  5709 | D:4      | Found a hide-covered altar of Uskayaw.
  5718 | D:4      | Found a sparkling altar of Nemelex Xobeh.
  5721 | D:4      | Became a worshipper of Nemelex Xobeh the Trickster
  5796 | D:4      | Identified the +1 robe of Repulsion {rPois rN+ Str-3 SInv}
  5894 | D:4      | Found an ornate altar of the Wu Jian Council.
  5961 | D:5      | Entered Level 5 of the Dungeon
  5961 | D:5      | Found a staircase to the Ecumenical Temple.
  6021 | D:5      | Reached skill level 8 in Fighting
  6082 | D:5      | Reached XP level 8. HP: 81/88 MP: 9/9
  6197 | D:5      | Found a glowing drain.
  6202 | Sewer    | Entered a sewer
  6669 | D:5      | Reached skill level 5 in Maces & Flails
  6736 | D:5      | Reached skill level 9 in Fighting
  6740 | D:5      | Learned a level 3 spell: Portal Projectile
  7173 | D:5      | Reached * piety under Nemelex Xobeh
  7596 | D:6      | Received a gift from Nemelex Xobeh
  7678 | D:3      | Bought a scroll labelled ZOICUYZEIFA for 23 gold pieces
  7678 | D:3      | Bought a lumpy ruby potion for 20 gold pieces
  7678 | D:3      | Bought a bubbling white potion for 20 gold pieces
  7678 | D:3      | Bought a dark potion for 20 gold pieces
  7678 | D:3      | Bought a scroll labelled JUFYOBR YWYOCO for 23 gold pieces
  8265 | D:6      | Received a gift from Nemelex Xobeh
  8384 | D:6      | Found Ywkessomp's Distillery.
  8392 | D:6      | Bought a potion of curing for 33 gold pieces
  8392 | D:6      | Bought a potion of curing for 33 gold pieces
  8404 | D:6      | Reached XP level 9. HP: 83/98 MP: 10/10
  8893 | D:6      | Reached ** piety under Nemelex Xobeh
  9021 | D:6      | Found a faded altar of an unknown god.
  9300 | D:7      | Reached skill level 5 in Dodging
 10040 | D:7      | Found Rynn's Elemental Accessories.
 10041 | D:7      | Received a gift from Nemelex Xobeh
 10153 | D:7      | Reached skill level 1 in Invocations
 10298 | D:7      | Reached skill level 1 in Evocations
 10998 | D:8      | Found an iron altar of Okawaru.
 11028 | D:8      | Found a sand-covered staircase.
 11035 | Ossuary  | Entered an ossuary
 11366 | Ossuary  | Reached XP level 10. HP: 100/107 MP: 12/12
 11526 | D:8      | Noticed Maurice
 11540 | D:8      | Killed Maurice
 11567 | D:8      | Found a sacrificial altar of Ru.
 12004 | D:3      | Bought a triangular peridot amulet for 115 gold pieces
 12226 | D:8      | Reached skill level 5 in Invocations
 12335 | D:8      | Found a shimmering altar of Xom.
 12343 | D:8      | Received a gift from Nemelex Xobeh
 12370 | D:8      | Reached *** piety under Nemelex Xobeh
 12569 | D:9      | Reached skill level 5 in Throwing
 12701 | D:9      | Found a staircase to the Lair.
 12816 | D:9      | Reached skill level 5 in Evocations
 12878 | D:9      | Found a staircase to the Orcish Mines.
 13280 | D:8      | Reached skill level 10 in Fighting
 13280 | D:8      | Reached XP level 11. HP: 88/117 MP: 15/15
 13667 | D:10     | Entered Level 10 of the Dungeon
 13667 | D:10     | Found a blossoming altar of Fedhas.
 13738 | D:10     | Received a gift from Nemelex Xobeh
 14242 | D:10     | Reached skill level 11 in Fighting
 14353 | D:10     | Identified the +4 scale mail of True Grit {Harm +Blink rN+
                  | Stlth-}
 14520 | Lair:1   | Entered Level 1 of the Lair of Beasts
 14522 | Lair:1   | Reached **** piety under Nemelex Xobeh
 14735 | Lair:1   | Upgraded the game from 0.28-a0-247-gb8bfbab023 to
                  | 0.28-a0-258-g8de209e91f
 14765 | Lair:1   | Noticed a seven-headed hydra
 14781 | Lair:1   | Killed a seven-headed hydra
 14782 | Lair:1   | Reached skill level 12 in Fighting
 16044 | Lair:1   | Learned a level 3 spell: Ozocubu's Armour
 16409 | Lair:1   | Received a gift from Nemelex Xobeh
 17014 | D:11     | Found Afeuguan's Demolitions Depot.
 17107 | D:11     | Noticed a two-headed ogre
 17111 | D:11     | Killed a two-headed ogre
 17112 | D:11     | Reached XP level 12. HP: 94/133 MP: 17/17
 17190 | D:11     | Noticed Nergalle
 17195 | D:11     | Killed Nergalle
 17196 | D:11     | Reached skill level 13 in Fighting
 17952 | D:11     | Received a gift from Nemelex Xobeh
 18096 | D:12     | Reached skill level 1 in Shields
 18118 | D:12     | HP: 2/136 [very large slime creature (38)]
 18362 | D:12     | Reached ***** piety under Nemelex Xobeh
 18479 | D:12     | Noticed Erolcha
 18485 | D:12     | Killed Erolcha
 18752 | D:12     | Reached skill level 5 in Shields
 18757 | D:12     | Received a gift from Nemelex Xobeh
 18846 | D:12     | Noticed Urug
 18891 | D:12     | Killed Urug
 19295 | Lair:2   | Noticed an eight-headed hydra
 19304 | Lair:2   | Noticed a seven-headed hydra
 19307 | Lair:2   | Killed an eight-headed hydra
 19613 | Lair:2   | Received a gift from Nemelex Xobeh
 19936 | Lair:2   | Reached XP level 13. HP: 61/144 MP: 18/18
 20861 | Lair:3   | Found a staircase to the Snake Pit.
 20942 | Lair:3   | Received a gift from Nemelex Xobeh
 21462 | Lair:3   | Identified the +4 dagger of Xecrouse {venom, rF+ rC+ Dex+2
                  | SInv}
 21489 | Lair:3   | Reached skill level 10 in Throwing
 21763 | Lair:3   | Received a gift from Nemelex Xobeh
 22488 | Lair:4   | Reached skill level 14 in Fighting
 22565 | Lair:4   | Found a staircase to the Swamp.
 22708 | Lair:4   | Received a gift from Nemelex Xobeh
 23814 | Lair:5   | Reached skill level 10 in Maces & Flails
 23977 | Lair:5   | Received a gift from Nemelex Xobeh
 24094 | Lair:5   | Reached skill level 1 in Translocations
 24094 | Lair:5   | Reached XP level 14. HP: 139/155 MP: 20/20
 24376 | Lair:5   | Identified the +0 trident of Disgust {drain, rPois}
 24794 | Lair:6   | Entered Level 6 of the Lair of Beasts
 24794 | Lair:6   | Noticed Snorg
 24807 | Lair:5   | Killed Snorg
 26274 | Lair:6   | Reached skill level 5 in Spellcasting
 26406 | Lair:6   | Reached skill level 10 in Invocations
 27056 | Lair:6   | Slain by a five-headed hydra

Illustrated notes

Levels and vault maps discovered:
D:1:      scummos_arrival_hexagon, layout_loops_corners
D:2:      layout_basic, shapermc_ecumenical_altar_gd,
          minmay_misc_feat_secret_circle
D:3:      layout_basic, serial_shops, shop, shop_coins, shop_fountains,
          nicolae_shop_statue_plus, minmay_misc_feat_cross
D:4:      layout_basic, nzn_wu_jian_council_hall, mainiacjoe_overflow_swirl,
          serial_glass, glass_columns_b, glass_columns_b, glass_columns_b,
          glass_columns_b, glass_columns_a, glass_columns_b, uniq_duvessa
D:5:      layout_cave_pools, minmay_temple_entry_drinking_statues,
          portal_sewer_entry_e, st_stairs_9, chequers_serial_rivers_micro_d,
          corexii_item_surrounded_by_moat, minmay_misc_feat_encased
D:6:      layout_cave_pools, serial_shops, shop, serial_column_ruins,
          column_ruins_hut_pillars, column_ruins_temple_circle,
          column_ruins_open_medium, column_ruins_columns_straight,
          column_ruins_columns_T, column_ruins_open_tiny
D:7:      layout_basic, nicolae_elemental_shop
D:8:      layout_rooms, mainiacjoe_overflow_cross_hatched,
          okawaru_metal_pillars_3, nicolae_ru_great_annihilating_truth,
          chequers_ossuary_entry_cave, uniq_maurice
D:9:      layout_roguey, lair_entry_dummy, david_orc_2, billiards_dpeg
D:10:     layout_roguey, fedhas_altar_2
D:11:     layout_roguey, nicolae_blasting_shop, uniq_nergalle
D:12:     layout_cross, uniq_erolcha, uniq_urug
Lair:1:   layout_gridlike, grunt_megastairs_5, serial_bayou_shore_a
Lair:2:   layout_concentric_octagons, infiniplex_staircase_pool_2
Lair:3:   layout_regular_city, guppyfry_snake_entry_island
Lair:4:   layout_cave_pods, swamp_mist, wad_woods_02
Lair:5:   layout_cave_pods, chequers_serial_rivers_micro_c, serial_bayou_shore_b
Lair:6:   gammafunk_lair_ancient_temple, layout_regular_city, slime_altar_2,
          disabler_island, uniq_snorg

Skill      XL: |  1  2  3  4  5  6  7  8  9 10 11 12 13 14 |
---------------+-------------------------------------------+-----
Fighting       | 2 3 4 5 6 8 9 10 12 13 14 | 14.0
Throwing       | 3 4 6 7 9 10 | 10.0
Maces & Flails | 1 3 4 6 8 10 | 10.0
Dodging        | 3 5 6 |  6.2
Invocations    | 3 6 7 8 10 | 10.2
Evocations     | 2 5 |  5.0
Shields        | 6 9 |  9.0
Translocations | 1 4 |  4.1
Spellcasting   | 5 |  5.0
Hexes          | 4 |  4.2

Action                   |  1- 3 |  4- 6 |  7- 9 | 10-12 | 13-15 || total
-------------------------+-------+-------+-------+-------+-------++-------
Melee: Unarmed           |    23 |       |       |       |       ||    23
       Dagger            |    14 |       |       |       |    10 ||    24
       Spear             |   114 |       |       |       |       ||   114
       Mace              |     2 |    87 |       |       |       ||    89
       Whip              |       |    28 |   328 |   399 |       ||   755
       Dire flail        |       |       |       |    69 |       ||    69
       Morningstar       |       |       |       |    25 |       ||    25
       Flail             |       |       |       |    20 |   413 ||   433
 Fire: Hunting sling     |       |       |   194 |   169 |    94 ||   457
Throw: Large rock        |     6 |    25 |     2 |    93 |   102 ||   228
       Stone             |       |    29 |    40 |       |       ||    69
       Throwing net      |       |     5 |       |     3 |     1 ||     9
       Boomerang         |       |       |    26 |     7 |   121 ||   154
       Dart              |       |       |       |     8 |     8 ||    16
       Javelin           |       |       |       |     7 |     9 ||    16
 Cast: Portal Projectile |       |       |       |       |     4 ||     4
       Corona            |       |       |       |       |     4 ||     4
Invok: Draw Destruction  |       |       |     6 |    13 |    22 ||    41
       Draw Summoning    |       |       |     1 |    10 |    13 ||    24
       Triple Draw       |       |       |       |     1 |       ||     1
       Draw Escape       |       |       |       |     2 |     5 ||     7
       Deal Four         |       |       |       |     1 |     1 ||     2
Evoke: Wand              |       |       |     3 |    24 |     4 ||    31
       Phial of floods   |       |       |       |       |     2 ||     2
  Use: Potion            |       |     1 |       |     5 |     1 ||     7
       Scroll            |       |     4 |    13 |    12 |     5 ||    34
 Stab: Held in net/web   |       |     1 |       |     1 |       ||     2
       Paralysed         |       |       |       |     4 |       ||     4
       Petrified         |       |       |       |     2 |     1 ||     3
       Distracted        |       |       |       |       |     1 ||     1
Armor: Robe              |    29 |    45 |    65 |   113 |    80 ||   332
Dodge: Dodged            |    47 |    85 |   112 |   315 |   211 ||   770
Block: Kite shield       |       |       |       |    35 |   225 ||   260

Table legend: (Time is in decaauts)
 A = Elapsed time spent in this place.
 B = Non-inter-level travel time spent in this place.
 C = Inter-level travel time spent in this place.
 D = Time resting spent in this place.
 E = Time spent auto-exploring this place.
 F = Levels seen in this place.
 G = Mean time per level.
                   A        B        C        D        E       F      G
               +--------+--------+--------+--------+--------+-----+--------+
         Total |  27028 |  25945 |   1083 |   9990 |   9126 |  20 | 1351.4 |
       Dungeon |  16260 |  15530 |    730 |   6122 |   6032 |  12 | 1355.0 |
          Lair |   9920 |   9567 |    353 |   3606 |   3094 |   6 | 1653.3 |
         Sewer |    454 |    454 |      0 |     62 |      0 |   1 |  454.0 |
       Ossuary |    393 |    393 |      0 |    199 |      0 |   1 |  393.0 |
               +--------+--------+--------+--------+--------+-----+--------+

Top non-repeatable levels by time:
  Lair:1: 2441 daAuts
     D:3: 2332 daAuts
  Lair:5: 2142 daAuts
     D:7: 1823 daAuts
  Lair:4: 1750 daAuts
     D:6: 1511 daAuts
     D:1: 1386 daAuts
  Lair:3: 1354 daAuts
     D:9: 1282 daAuts
     D:5: 1272 daAuts
  Lair:2: 1218 daAuts
     D:4: 1209 daAuts
     D:2: 1176 daAuts
    D:12: 1169 daAuts
     D:8: 1138 daAuts
